 Dungeon Crawl Stone Soup version 0.31-a0-1278-g11c5b68f87 (webtiles) character file.

Game seed: 14378240537410162428

267798 grandjackal the End of an Era (level 19, -2/173 HPs)
             Began as a Demonspawn Gladiator on Dec 17, 2023.
             Was the Champion of Qazlal.
             Slain by a rockslime (29 damage)
             ... in an ice cave.
             The game lasted 00:55:33 (39250 turns).

grandjackal the End of an Era (DsGl)               Turns: 39250, Time: 00:55:33

Health: -2/173     AC: 46    Str: 23    XL:     19   Next: 10%
Magic:  35/35      EV: 15    Int:  9    God:    Qazlal [******]
Gold:   3175       SH:  8    Dex: 18    Spells: 18/18 levels left

rFire   . . .        s - +7 staff of the Meek {protect, meekguard}
rCold   + + +        (shield currently unavailable)
rNeg    . . .        I - +1 scale mail {rPois}
rPois   +            c - +2 helmet
rElec   +            (cloak unavailable)
rCorr   +            Y - +2 pair of gloves "Gaiload" {Str+4}
SInv    .            r - +3 pair of mountain boots {steadfast, rC+}
Will    +++..        X - amulet of faith Stlth
                     k - ring of Bekuruir {rElec rC+ rCorr}
HPRegen 0.48/turn    g - ring of willpower
MPRegen 0.24/turn

%: repel missiles, faith
@: protected from cold, sanguine armoured, under a protective aura
A: demonic guardian 2, spiny 2, torment resistance 1, sanguine armour 3, demonic
willpower, weakness stinger 3
}: 2/15 runes: serpentine, slimy
a: Renounce Religion, Upheaval, Elemental Force, Disaster Area


You were in an ice cave.
You worshipped Qazlal.
Qazlal was exalted by your worship.
You visited 6 branches of the dungeon, and saw 33 of its levels.
You visited 1 bazaar.
You also visited: Sewer, Ossuary and Ice Cave.

You collected 4471 gold pieces.
You spent 1296 gold pieces at shops.

Inventory:

Hand Weapons
 s - the +7 staff of the Meek (weapon) {protect, meekguard}
   (You found it on level 4 of the Dungeon)
Missiles
 d - 7 throwing nets (quivered)
Armour
 a - the +3 pair of seven-league boots {Rampage+∞}
   (You found it in an ice cave)

   Rampage+∞: When moving toward enemies, its wearer moves as far as possible,
   alerting their target en route.
 c - a +2 helmet (worn)
 r - the +3 pair of mountain boots (worn) {steadfast, rC+}
   (You found it in an ice cave)

   Steadfast: It prevents involuntary movement, except for blinking,
   teleportation, or banishment.
   rC+:       It protects you from cold.
 t - the +0 helmet of Toothy Curiosity {*Corrode rElec rN+}
   (You took it off Robin on level 2 of the Dungeon)

   rElec:     It insulates you from electricity.
   rN+:       It protects you from negative energy.
   *Corrode:  It may corrode you when you take damage.
 I - a +1 scale mail of poison resistance (worn)
 W - the +4 helmet "Firpharon" {Regen+ rCorr Str-5 SInv}
   (You found it on level 5 of the Pits of Slime)

   Str-5:     It affects your strength (-5).
   SInv:      It lets you see invisible.
   Regen+:    It increases your rate of health regeneration.
   rCorr:     It protects you from acid and corrosion.
 Y - the +2 pair of gloves "Gaiload" (worn) {Str+4}
   (You found it on level 1 of the Lair of Beasts)

   Str+4:     It affects your strength (+4).
Jewellery
 b - a ring of protection from fire
 g - a ring of willpower (right hand)
 k - the ring of Bekuruir (left hand) {rElec rC+ rCorr}
   (You acquired it in an ossuary)

   [ring of resist corrosion]

   rC+:       It protects you from cold.
   rElec:     It insulates you from electricity.
   rCorr:     It protects you from acid and corrosion.
 l - a ring of poison resistance
 o - a ring of flight
 w - a ring of resist corrosion
 B - a ring of see invisible
 O - a ring of positive energy
 X - an amulet of faith (around neck)
 Z - a ring of protection from cold
Wands
 e - a wand of digging (5)
 v - a wand of iceblast (44)
 x - a wand of charming (28)
 y - a wand of polymorph (17)
 M - a wand of quicksilver (7)
 N - a wand of flame (47)
 Q - a wand of mindburst (8)
Scrolls
 h - 6 scrolls of enchant armour
 p - 2 scrolls of blinking
 q - 10 scrolls of teleportation
 D - 8 scrolls of silence
 E - 3 scrolls of fear
 J - 2 scrolls of butterflies
 K - 4 scrolls of poison
 L - 5 scrolls of immolation
 P - 7 scrolls of fog
 V - 2 scrolls of vulnerability
Potions
 f - 8 potions of heal wounds
 i - 18 potions of curing
 j - 5 potions of resistance
 m - 5 potions of mutation
 z - a potion of invisibility
 A - 3 potions of attraction
 C - 4 potions of haste
 F - 6 potions of might
 G - a potion of cancellation
 H - 6 potions of lignification
 R - 2 potions of berserk rage
 S - 5 potions of enlightenment
 U - 6 potions of ambrosia


   Skills:
 + Level 21.4 Fighting
 - Level 4.2 Long Blades
 - Level 14.1 Staves
 - Level 4.0 Throwing
 - Level 8.0 Armour
 - Level 8.6 Dodging
 + Level 25.1 Invocations


You had 18 spell levels left.
You didn't know any spells.
Your spell library contained the following spells:

 Spells                   Type           Power      Damage    Failure   Level
 Shock                    Conj/Air       0%         1d3       65%         1
 Summon Small Mammal      Summ           0%         N/A       65%         1
 Blink                    Tloc           0%         N/A       80%         2
 Ensorcelled Hibernation  Hex/Ice        0%         N/A       80%         2
 Lesser Beckoning         Tloc           0%         N/A       80%         2
 Momentum Strike          Conj/Tloc      0%         3d8       80%         2
 Passwall                 Tmut/Erth      0%         N/A       80%         2
 Sublimation of Blood     Necr           0%         N/A       80%         2
 Wereblood                Tmut           0%         N/A       80%         2
 Call Canine Familiar     Summ           0%         N/A       95%         3
 Ignite Poison            Fire/Tmut/Pois 0%         N/A       95%         3
 Ozocubu's Armour         Ice            0%         N/A       95%         3
 Sigil of Binding         Hex            0%         N/A       95%         3
 Summon Guardian Golem    Hex/Summ       0%         N/A       95%         3
 Swiftness                Air            0%         N/A       95%         3
 Airstrike                Air            0%         2d(0-16)  100%        4
 Dimensional Bullseye     Hex/Tloc       0%         N/A       100%        4
 Manifold Assault         Tloc           0%         N/A       100%        4
 Petrify                  Tmut/Erth      0%         N/A       100%        4
 Sticky Flame             Conj/Fire      0%         2d3       100%        4
 Irradiate                Conj/Tmut      0%         3d11      100%        5
 Conjure Ball Lightning   Conj/Air       0%         3x3d6     100%        6
 Ozocubu's Refrigeration  Ice            0%         4d7       100%        7
 Summon Hydra             Summ           0%         N/A       100%        7
 Discord                  Hex            0%         N/A       100%        8
 Disjunction              Tloc           0%         N/A       100%        8
 Ignition                 Fire           0%         3d3       100%        8


Dungeon Overview and Level Annotations

Branches:
Dungeon (15/15)            Temple (0/1) D:7            Lair (5/5) D:9
 Shoals (2/4) Lair:3        Snake (4/4) Lair:3        Slime (5/5) Lair:4
    Orc (2/2) D:11            Elf (0/3) Orc:2        Vaults (0/5) D:13
 Depths (0/4) D:15          Sewer (visited)         Ossuary (visited)
  IceCv (1/1)

Altars:
Dithmenos
Fedhas
Hepliaklqana
Kikubaaqudgha
Makhleb
Okawaru
Qazlal
Sif Muna
Trog
Uskayaw
Vehumet
Xom
Yredelemnul
Jiyva
Lugonu

Shops:
D:4 [   D:6 *   D:7 (   D:14 =   Orc:1 !((   Orc:2 (!:   Snake:2 :   Snake:4 *

Portals:
Abyss: Lair:5

Annotations:
D:3 2 runed translucent doors, kaesle's ghost, amateur HOFi
Shoals:1 Roxanne


Innate Abilities, Weirdness & Mutations

A demonic guardian rushes to your aid.
You are mostly covered in sharp spines.
You are resistant to unholy torment.
When seriously injured, your blood forms very thick armour. (AC +12)
You punish those that try to bend your will. (Will+)
You have a sharp stinger which inflicts weakening toxins.


Message History

* * * LOW HITPOINT WARNING * * *
A demonic guardian appears!
The azure jelly completely misses you.
The azure jelly hits you but does no damage.
You completely miss the azure jelly. You tail-slap the azure jelly.
The azure jelly looks weaker.
The azure jelly is almost dead.
You block the rockslime's attack. The azure jelly hits you.
* * * LOW HITPOINT WARNING * * *
The azure jelly freezes you! You resist.
Your resistance to physical damage fades away.
You feel protected from cold.
* * * LOW HITPOINT WARNING * * *
The azure jelly hits you but does no damage. x3
The azure jelly attacks as it pursues you!
You block the azure jelly's attack.
The azure jelly hits you but does no damage. x3
The rockslime hits your sun demon.
Your sun demon holds its ground!
The azure jelly hits your sun demon but does no damage. x2
The azure jelly barely misses your sun demon.
The azure jelly hits your sun demon but does no damage.
Your sun demon barely misses the azure jelly.
Unknown command.
The azure jelly misses your sun demon.
The azure jelly hits your sun demon but does no damage. x3
Your sun demon closely misses the azure jelly.
You sock the rockslime!
You tail-slap the rockslime, but do no damage.
The rockslime is heavily wounded.
Your sun demon hits the azure jelly!
The azure jelly dies!
Qazlal accepts your kill.
You thump the rockslime!
You tail-slap the rockslime, but do no damage.
The rockslime is heavily wounded.
The rockslime hits you but does no damage.
You hit the rockslime but do no damage.
The rockslime is heavily wounded.
Your sun demon hits the rockslime but does no damage.
The rockslime is struck by your spines. The rockslime hits you!!
You die...

###########
###..3......###
###.°@J○........#
##..°...###.....##
#....○####.....## ..
#....## #......# .J.
#.....####..........
##.......########.#
##........#####.##
####...........######
##...............#


You could see a rockslime (ally target) and a friendly sun demon (summoned).

Vanquished Creatures
  the Royal Jelly (Slime:5)
  20 acid blobs
  A kraken (Shoals:2)
  Gastronok (Lair:3)
  Aizul (Shoals:1)
  11 azure jellies
  Donald (Snake:1)
  Kirke (Lair:4)
  7 rockslimes
  4 nagarajas (Snake:4)
  4 formless jellyfish
  12 quicksilver oozes
  Nessos (Lair:3)
  3 merfolk impalers
  The ghost of Fractals the Bludgeoner, a journeyman GrFi of the Shining One (Lair:2)
  3 hydras
  3 great orbs of eyes
  An alligator snapping turtle (Shoals:2)
  An ice dragon (Shoals:2)
  2 merfolk avatars
  7 centaur warriors
  A salamander tyrant (Snake:4)
  An ogre mage (D:15)
  3 boulder beetles
  6 two-headed ogres
  10 anacondas
  Erica (D:9)
  A catoblepas (D:13)
  2 dancing weapons (D:13)
  8 naga warriors
  A sphinx skeleton (D:15)
  18 death yaks
  A vampire mage (D:15)
  An occultist (D:15)
  An orc high priest (Orc:1)
  12 naga sharpshooters
  6 shock serpents
  2 thrashing horrors (Lair:5)
  Sonja (Lair:1)
  A skyshark (Lair:2)
  A fire crab (Lair:3)
  5 salamander mystics
  A skeletal warrior (D:15)
  Amaemon (Lair:1)
  6 sea snakes
  A glowing orange brain (Slime:2)
  2 naga ritualists
  2 large abominations (Lair:5)
  2 orange crystal statues (IceCv)
  4 orc knights
  5 harpies (Shoals:2)
  A necromancer (D:15)
  5 mana vipers
  3 deep elf pyromancers (D:14)
  4 cyclopes
  2 orc sorcerers (Orc:1)
  7 ugly things
  5 shining eyes
  3 oklob plants
  11 fauns
  7 merfolk sirens
  8 salamanders
  3 manticores
  A moth of wrath (Lair:2)
  A black mamba (shapeshifter) (D:13)
  2 torpor snails
  11 elephants
  5 guardian serpents
  4 kobold blastminers (Orc:2)
  3 water nymphs
  14 naga magi
  3 eyes of devastation
  28 black mambas
  20 cane toads
  3 smoke demons (Lair:5)
  3 gargoyles
  7 rime drakes
  An unseen horror (D:13)
  Maggie (D:7)
  3 kobold demonologists
  A freezing wraith (D:14)
  14 komodo dragons
  An efreet (D:13)
  A tengu conjurer (D:14)
  4 trolls
  A meliai (shapeshifter) (Lair:5)
  2 wind drakes
  A polar bear (shapeshifter) (Lair:5)
  3 polar bears
  3 meliai (D:14)
  A hornet (D:10)
  8 merfolk
  A troll (shapeshifter) (D:14)
  A raiju (Lair:5)
  3 glass eyes
  35 blink frogs
  4 snapping turtles
  3 dream sheep
  2 ynoxinuls (Lair:5)
  110 slime creatures
  2 shadows (D:11)
  A centaur simulacrum (D:12)
  2 wraiths
  A vampire (D:14)
  11 spriggans
  2 water elementals (Shoals:1)
  3 hogs (Lair:4)
  44 yaks
  6 wyverns
  14 small abominations (Lair:5)
  A yak (shapeshifter) (D:13)
  17 golden eyes
  A human (Lair:4)
  3 basilisks
  2 steam dragons
  4 wargs
  11 vampire mosquitoes
  30 nagas
  A chaos spawn (Lair:5)
  25 water moccasins
  4 great orb of eyes simulacra (IceCv)
  3 ice beasts
  2 sky beasts
  A hornet zombie (D:7)
  30 orc warriors
  3 black bears
  31 wolves
  6 ogres
  10 centaurs
  6 slime creature simulacra (IceCv)
  2 kobold brigands (D:9)
  A wyvern zombie (D:7)
  19 bullfrogs
  3 gnoll sergeants
  2 scorpions
  3 glowing shapeshifter simulacra (IceCv)
  17 wights
  4 killer bees
  3 howler monkeys (D:11)
  A jelly (Lair:4)
  A centaur zombie (D:7)
  A bullfrog zombie (D:7)
  3 hounds (D:5)
  Crazy Yiuf (D:2)
  2 gnoll boudas
  13 orc priests
  A sleepcap (D:7)
  Natasha (thrice) (D:2)
  An iguana (D:5)
  27 orc wizards
  6 hell rats (Lair:3)
  A killer bee zombie (D:7)
  9 mummies
  3 howler monkey zombies (D:7)
  Robin (D:2)
  12 adders
  28 gnolls
  4 river rats (Sewer)
  2 shadow imps
  4 white imps
  3 worms
  5 dart slugs
  49 orcs
  9 endoplasms
  A giant cockroach (D:3)
  6 hobgoblins
  2 jackals (D:2)
  3 quokkas
  15 ball pythons
  6 bats
  16 frilled lizards
  20 goblins
  3 hobgoblin zombies (Ossuary)
  12 kobolds
  4 kobold zombies (Ossuary)
  An orc zombie (Ossuary)
  21 rats
  A spectral goblin (D:15)
  3 tentacles (Shoals:2)
1196 creatures vanquished.

Vanquished Creatures (collateral kills)
  2 acid blobs (Slime:5)
  7 azure jellies
  A quicksilver ooze (Slime:5)
  A two-headed ogre (D:15)
  A death yak (Lair:2)
  A naga warrior (Snake:4)
  2 naga sharpshooters (Snake:4)
  2 skeletal warriors (D:15)
  A spark wasp zombie (D:15)
  A salamander (Snake:2)
  A mana viper (shapeshifter) (D:15)
  A faun (Shoals:2)
  A guardian serpent (Snake:4)
  A smoke demon (Lair:5)
  6 slime creatures
  A black mamba (Snake:1)
  An elephant (Lair:4)
  An orange demon (Lair:1)
  A rime drake (Lair:2)
  A komodo dragon (D:9)
  A tengu conjurer (D:14)
  2 blink frogs (Lair:1)
  A centaur simulacrum (D:12)
  A yak (D:8)
  A basilisk (D:9)
  A small abomination (Lair:5)
  2 nagas
  A water moccasin (Lair:3)
  3 orc warriors
  A slime creature simulacrum (IceCv)
  2 killer bees (D:5)
  An orc wizard (Orc:1)
  An orc (Orc:1)
  A frilled lizard (Sewer)
  3 rats (Sewer)
56 creatures vanquished.

Vanquished Creatures (others)
  A nagaraja (Snake:4)
  2 humans (Lair:4)
  A hell rat (Lair:3)
  4 orcs
  A tentacle (Shoals:2)
9 creatures vanquished.

Grand Total: 1261 creatures vanquished

Notes
Turn   | Place    | Note
-------+----------+-------------------------------------------
     0 | D:1      | grandjackal the Demonspawn Gladiator began the quest for
                  | the Orb.
     0 | D:1      | Reached XP level 1. HP: 16/16 MP: 1/1
    23 | D:1      | You fall into a shaft and drop 1 floor!
   262 | D:1      | Gained mutation: When seriously injured, your blood forms
                  | armour. (AC +12) [demonic ancestry]
   262 | D:1      | Reached XP level 2. HP: 15/22 MP: 2/2
   597 | D:1      | Gained mutation: When seriously injured, your blood forms
                  | thick armour. (AC +12) [demonic ancestry]
   597 | D:1      | Reached XP level 3. HP: 25/28 MP: 3/3
  1091 | D:2      | Identified the +0 helmet of Toothy Curiosity {*Corrode
                  | rElec rN+}
  1091 | D:2      | Noticed Robin
  1105 | D:2      | Killed Robin
  1346 | D:2      | Noticed Natasha
  1351 | D:2      | Killed Natasha
  1352 | D:2      | Gained mutation: A weak demonic guardian rushes to your
                  | aid. [demonic ancestry]
  1352 | D:2      | Reached XP level 4. HP: 16/34 MP: 4/4
  1577 | D:2      | Found a runed translucent door.
  1578 | D:2      | Noticed Crazy Yiuf
  1705 | D:2      | Noticed Natasha
  1802 | D:2      | Killed Natasha
  1883 | D:2      | Noticed Natasha
  1908 | D:2      | Killed Natasha
  1909 | D:2      | Reached XP level 5. HP: 4/41 MP: 5/5
  2123 | D:2      | Killed Crazy Yiuf
  2353 | D:3      | Found a large runed translucent door.
  2355 | D:3      | Found a large runed translucent door.
  2357 | D:3      | Noticed kaesle's ghost (amateur HOFi)
  2453 | D:3      | Found a glowing drain.
  2480 | Sewer    | Entered a sewer
  2686 | Sewer    | Gained mutation: You have a small tail. [demonic ancestry]
  2686 | Sewer    | Reached XP level 6. HP: 31/47 MP: 6/6
  3025 | D:3      | Found a stormy altar of Qazlal.
  3737 | D:4      | Found Zigimaiv's Antique Armour Emporium.
  3742 | D:4      | Bought a glowing scale mail for 154 gold pieces
  3883 | D:4      | Found the +7 staff of the Meek {protect, meekguard}
  3954 | D:4      | Reached XP level 7. HP: 54/54 MP: 7/7
  4080 | D:4      | Found a blossoming altar of Fedhas.
  4258 | D:5      | Entered Level 5 of the Dungeon
  4312 | D:5      | Reached skill level 1 in Staves
  4416 | D:5      | Reached skill level 5 in Fighting
  4426 | D:5      | Reached skill level 5 in Dodging
  4478 | D:6      | Reached XP level 8. HP: 4/62 MP: 8/8
  5134 | D:5      | Found a shimmering altar of Xom.
  5139 | D:5      | Found a hide-covered altar of Uskayaw.
  5304 | D:6      | Found Feso's Assorted Antiques.
  5409 | D:6      | Bought a silvery potion for 21 gold pieces
  5409 | D:6      | Bought a blue potion for 21 gold pieces
  5661 | D:6      | Gained mutation: You have a tail ending in a sharp stinger.
                  | [demonic ancestry]
  5661 | D:6      | Reached XP level 9. HP: 58/71 MP: 9/9
  6463 | D:6      | Found a shimmering blue altar of Sif Muna.
  6472 | D:6      | Found an ancient bone altar of Kikubaaqudgha.
  6475 | D:6      | Reached skill level 5 in Staves
  6478 | D:6      | Found a radiant altar of Vehumet.
  6753 | D:7      | Found a basalt altar of Yredelemnul.
  6795 | D:7      | Noticed Maggie
  6799 | D:7      | Identified a scroll of acquirement
  6991 | D:7      | Killed Maggie
  7445 | D:7      | Found Lasip's Antique Weapon Boutique.
  7524 | D:3      | Became a worshipper of Qazlal Stormbringer
  7625 | D:7      | Found a shadowy altar of Dithmenos.
  7636 | D:7      | Found a staircase to the Ecumenical Temple.
  7648 | D:7      | Found a burning altar of Makhleb.
  7701 | D:7      | Found a bloodstained altar of Trog.
  7993 | D:8      | Found a sand-covered staircase.
  8003 | Ossuary  | Entered an ossuary
  8033 | Ossuary  | Reached skill level 1 in Invocations
  8065 | Ossuary  | Gained mutation: A demonic guardian rushes to your aid.
                  | [demonic ancestry]
  8065 | Ossuary  | Reached XP level 10. HP: 61/81 MP: 10/10
  8254 | Ossuary  | Acquired the ring of Bekuruir {rElec rC+ rCorr}
  8313 | D:8      | Reached skill level 1 in Armour
  8320 | D:8      | Reached skill level 2 in Invocations
  8477 | D:8      | Reached * piety under Qazlal
  8507 | D:8      | Reached skill level 3 in Invocations
  9165 | D:9      | Found a staircase to the Lair.
  9165 | D:9      | Noticed Erica
  9376 | D:9      | Killed Erica
  9377 | D:9      | Reached skill level 4 in Invocations
  9981 | D:10     | Entered Level 10 of the Dungeon
  9995 | D:10     | Found an iron altar of Okawaru.
  9999 | D:10     | Noticed a cyclops
 10002 | D:10     | Reached skill level 5 in Invocations
 10012 | D:10     | Killed a cyclops
 10147 | D:10     | Noticed a rust devil
 10493 | D:10     | Gained mutation: You are partially covered in sharp spines.
                  | [demonic ancestry]
 10493 | D:10     | Reached XP level 11. HP: 78/89 MP: 15/15
 10669 | D:10     | Reached skill level 6 in Invocations
 10675 | D:10     | Reached ** piety under Qazlal
 11122 | D:11     | Found a staircase to the Orcish Mines.
 11383 | D:11     | Identified the +9 dagger of Excruciating Pain {heavy, *Slow
                  | rC+ Str+3}
 11470 | D:11     | Noticed a two-headed ogre
 11476 | D:11     | Killed a two-headed ogre
 11603 | D:11     | Reached skill level 10 in Fighting
 11603 | D:11     | Reached skill level 7 in Invocations
 11933 | D:11     | Reached skill level 5 in Armour
 12284 | D:12     | Reached skill level 8 in Invocations
 12379 | D:12     | Noticed a boulder beetle
 12388 | D:12     | Reached *** piety under Qazlal
 12404 | D:12     | Killed a boulder beetle
 12682 | D:12     | Noticed a cyan ugly thing
 12697 | D:12     | Killed a cyan ugly thing
 12780 | D:12     | Noticed a two-headed ogre
 12785 | D:12     | Killed a two-headed ogre
 13088 | D:12     | Gained mutation: You are mostly covered in sharp spines.
                  | [demonic ancestry]
 13088 | D:12     | Reached XP level 12. HP: 80/99 MP: 18/18
 13344 | Lair:1   | Entered Level 1 of the Lair of Beasts
 13344 | Lair:1   | Noticed Amaemon
 13355 | Lair:1   | Killed Amaemon
 13356 | Lair:1   | Reached skill level 9 in Invocations
 14385 | Lair:1   | Reached skill level 10 in Invocations
 14453 | Lair:1   | Noticed Sonja
 14468 | Lair:1   | Reached **** piety under Qazlal
 14468 | Lair:1   | Killed Sonja
 14555 | Lair:1   | Identified the +2 pair of gloves "Gaiload" {Str+4}
 14752 | Lair:1   | Reached skill level 10 in Staves
 14810 | Lair:1   | Reached skill level 11 in Invocations
 15159 | Lair:1   | Found a blossoming altar of Fedhas.
 15176 | Lair:1   | Reached XP level 13. HP: 99/108 MP: 21/21
 15382 | Lair:2   | Reached ***** piety under Qazlal
 15537 | Lair:2   | Reached skill level 12 in Invocations
 15562 | Lair:2   | Noticed Fractals's ghost (journeyman GrFi)
 15624 | Lair:2   | Found a transporter.
 15671 | Lair:2   | Found a transporter.
 16425 | Lair:2   | Reached skill level 13 in Invocations
 17012 | Lair:3   | Noticed Gastronok
 17025 | Lair:3   | Killed Gastronok
 17028 | Lair:3   | Found a staircase to the Shoals.
 17068 | Lair:3   | Reached ****** piety under Qazlal
 17184 | Lair:3   | Found a staircase to the Snake Pit.
 17354 | Lair:3   | Noticed Nessos
 17369 | Lair:3   | Killed Nessos
 17370 | Lair:3   | Reached skill level 14 in Invocations
 17496 | Lair:3   | Gained mutation: When seriously injured, your blood forms
                  | very thick armour. (AC +12) [demonic ancestry]
 17496 | Lair:3   | Reached XP level 14. HP: 119/119 MP: 24/24
 17966 | Lair:4   | Noticed Kirke
 17973 | Lair:4   | Killed Kirke
 18300 | Lair:4   | Found a viscous altar of Jiyva.
 18300 | Lair:4   | Found a staircase to the Slime Pits.
 18648 | Lair:4   | Reached skill level 15 in Invocations
 19206 | Lair:5   | Entered Level 5 of the Lair of Beasts
 19695 | Lair:5   | Reached skill level 16 in Invocations
 19947 | Lair:5   | Identified the +6 dagger of Ignis's Inspiration {holy, rF+
                  | Str-4 Int+3}
 19954 | Lair:5   | Reached skill level 15 in Fighting
 19970 | Lair:5   | Gained mutation: You have a sharp stinger which inflicts
                  | weakening toxins. [demonic ancestry]
 19970 | Lair:5   | Reached XP level 15. HP: 75/129 MP: 24/27
 20007 | Lair:5   | Found a corrupted altar of Lugonu.
 20007 | Lair:5   | Found a one-way gate to the infinite horrors of the Abyss.
 21175 | Lair:2   | Killed Fractals's ghost
 21388 | Orc:1    | Entered Level 1 of the Orcish Mines
 21525 | Orc:2    | Entered Level 2 of the Orcish Mines
 21525 | Orc:2    | Found a staircase to the Elven Halls.
 21623 | Orc:1    | Reached skill level 17 in Invocations
 21640 | Orc:1    | Found Biqoiff's Weapon Boutique.
 21640 | Orc:1    | You fall into a shaft and drop 1 floor!
 22290 | Orc:2    | Found Wuisaps's Book Emporium.
 22290 | Orc:2    | Found Honwiym's Distillery.
 22292 | Orc:2    | Found Qoczis's Weapon Shop.
 22294 | Orc:2    | Found Woatear's Book Shoppe.
 22300 | Orc:2    | Got a glittering gem
 22304 | Orc:2    | Bought a potion of heal wounds for 65 gold pieces
 22304 | Orc:2    | Bought a potion of lignification for 39 gold pieces
 22304 | Orc:2    | Bought a potion of curing for 39 gold pieces
 22304 | Orc:2    | Bought 2 potions of curing for 78 gold pieces
 22304 | Orc:2    | Bought a potion of resistance for 130 gold pieces
 22304 | Orc:2    | Bought a potion of magic for 104 gold pieces
 22304 | Orc:2    | Bought a potion of might for 52 gold pieces
 22304 | Orc:2    | Bought a potion of ambrosia for 104 gold pieces
 22376 | Orc:1    | Found Kent's Distillery.
 22426 | Orc:1    | Bought a potion of enlightenment for 75 gold pieces
 22426 | Orc:1    | Bought a potion of heal wounds for 75 gold pieces
 22426 | Orc:1    | Bought a potion of resistance for 150 gold pieces
 22510 | Orc:1    | Found Emimp's Weapon Boutique.
 22841 | D:13     | Found a gate to the Vaults.
 24244 | D:14     | Found Vauga's Jewellery Emporium.
 24532 | D:15     | Entered Level 15 of the Dungeon
 24613 | D:15     | Reached skill level 18 in Invocations
 24639 | D:15     | Gained mutation: You punish those that try to bend your
                  | will. (Will+) [demonic ancestry]
 24639 | D:15     | Reached XP level 16. HP: 86/138 MP: 29/29
 24884 | D:15     | Found a staircase to the Depths.
 24915 | D:15     | Found a hazy altar of Hepliaklqana.
 25647 | Snake:1  | Entered Level 1 of the Snake Pit
 25650 | Snake:1  | Noticed Donald
 25657 | Snake:1  | Killed Donald
 26645 | Snake:2  | Reached skill level 19 in Invocations
 27039 | Snake:2  | Found Zykoudgh's Book Shop.
 27039 | Snake:2  | Noticed a walking frostbound tome
 27041 | Snake:2  | Noticed a walking divine tome
 27718 | Snake:3  | Found a flickering gateway to a bazaar.
 27725 | Bazaar   | Entered a bazaar
 28041 | Bazaar   | Found Riddisiski's Assorted Antiques.
 28041 | Bazaar   | Found Togo's Weapon Emporium.
 28065 | Bazaar   | Bought a scroll of blinking for 105 gold pieces
 28065 | Bazaar   | Bought a scroll of fog for 56 gold pieces
 28065 | Bazaar   | Bought a scroll of identify for 28 gold pieces
 28088 | Bazaar   | Found Mif Taikh's Book Shoppe.
 28088 | Bazaar   | Found Bisk's Weapon Shoppe.
 28219 | Snake:3  | Reached skill level 20 in Invocations
 28472 | Snake:4  | Entered Level 4 of the Snake Pit
 28790 | Snake:4  | Found Cageufus's Mass Market.
 28970 | Snake:4  | Found an ancient bone altar of Kikubaaqudgha.
 29177 | Snake:4  | Reached XP level 17. HP: 132/149 MP: 31/31
 29384 | Snake:4  | Identified the +3 leather armour of the Arcane {Str+7
                  | Int+4}
 29873 | Snake:4  | Reached skill level 21 in Invocations
 30226 | Snake:4  | Got a serpentine rune of Zot
 30458 | Slime:1  | Entered Level 1 of the Pits of Slime
 30458 | Slime:1  | Noticed an acid blob
 30478 | Lair:4   | Killed an acid blob
 30604 | Slime:1  | Noticed an acid blob
 30968 | Slime:1  | Killed an acid blob
 30970 | Slime:1  | Noticed an acid blob
 30983 | Slime:1  | Killed an acid blob
 31090 | Slime:1  | Noticed an acid blob
 31098 | Slime:1  | Killed an acid blob
 31137 | Slime:1  | Noticed an acid blob
 31153 | Slime:1  | Killed an acid blob
 31181 | Slime:1  | Noticed an acid blob
 31193 | Slime:1  | Killed an acid blob
 31642 | Slime:2  | Noticed an acid blob
 31654 | Slime:2  | Killed an acid blob
 31655 | Slime:2  | Reached skill level 22 in Invocations
 33402 | Slime:3  | Paralysed by a formless jellyfish for 1 turns
 33414 | Slime:3  | Paralysed by a formless jellyfish for 1 turns
 33967 | Slime:4  | Noticed an acid blob
 33989 | Slime:3  | Killed an acid blob
 34024 | Slime:4  | Gained mutation: You are resistant to unholy torment.
                  | [demonic ancestry]
 34024 | Slime:4  | Reached XP level 18. HP: 40/162 MP: 29/33
 34372 | Slime:5  | Entered Level 5 of the Pits of Slime
 34725 | Slime:4  | Reached skill level 23 in Invocations
 34920 | Slime:5  | Noticed the Royal Jelly
 34947 | Slime:5  | Killed the Royal Jelly
 35561 | Slime:5  | Got a slimy rune of Zot
 35632 | Slime:5  | Identified the +5 dagger of Dullness {drain, rElec Str-5
                  | Dex+4 Stlth+}
 36036 | Slime:5  | Identified the ring of Lawof {Fire SInv}
 36044 | Slime:5  | Identified the +2 shortbow "Usie" {freeze, rF++ Will+}
 36169 | Slime:5  | Reached skill level 24 in Invocations
 36193 | Slime:5  | Identified the +4 helmet "Firpharon" {Regen+ rCorr Str-5
                  | SInv}
 36225 | Slime:5  | Identified the +3 dire flail of Symmetry {spect, Int+3}
 36612 | Shoals:1 | Entered Level 1 of the Shoals
 37083 | Shoals:1 | Identified the serpent talisman of the Poles {rC+ rN+}
 37083 | Shoals:1 | Noticed Aizul
 37110 | Shoals:1 | Killed Aizul
 37500 | Shoals:1 | Noticed Roxanne
 38730 | Shoals:2 | Found a frozen archway.
 38739 | IceCv    | Entered an ice cave
 38892 | IceCv    | Found the +3 pair of seven-league boots {Rampage+∞}
 38893 | IceCv    | Found the +3 pair of mountain boots {steadfast, rC+}
 38988 | IceCv    | Reached XP level 19. HP: 159/172 MP: 35/35
 39120 | IceCv    | Reached skill level 25 in Invocations
 39250 | IceCv    | Slain by a rockslime

Illustrated notes

Levels and vault maps discovered:
D:1:      denvon_arrival_planthouse, layout_basic, corner_web_ring
D:2:      layout_loops_cross, grunt_ministairs_6, uniq_robin, uniq_natasha,
          uniq_crazy_yiuf_cottage
D:3:      layout_basic, nicolae_qazlal_scattered_showers,
          cheibrodos_sewer_entry_sluice, ebering_ghost_disaster_area
D:4:      layout_basic, lemuel_crystal_altar, serial_shops,
          nicolae_shop_hallway_stairs, serial_curves, eino_curves_03,
          eino_curves_02, pf_guarded_unrand_meek
D:5:      wad_pebble_path, layout_basic, grunt_temple_overflow_open,
          minmay_lizard_king
D:6:      layout_loops_cross, palyth_temple_overflow_mages, serial_shops,
          nicolae_stop_n_shop_1, hangedman_abyss_or_decor_stabs
D:7:      layout_loops_cross, lemuel_doored_altar,
          nicolae_yredelemnul_corpse_copse, kennysheep_little_box,
          mainiacjoe_overflow_alcove_2, minmay_temple_entry_from_below_a,
          serial_shops, nicolae_shop_back_alley_shop, columned_hall_lemuel,
          uniq_maggie
D:8:      layout_loops_ring, gup_ossuary_entry_pyramid, minivault_23
D:9:      layout_rooms, david_lair_shrubbed, uniq_erica
D:10:     layout_basic, mainiacjoe_overflow_small_starburst
D:11:     layout_loops_ring, orc_0_dummy
D:12:     layout_gridville, serial_ice, serial_ice_b, serial_ice_d,
          serial_ice_e, serial_ice_m, serial_ice_n, serial_ice_o
D:13:     layout_loops_ring, erik_vaults_1, fake_guardian_serpent_vault
D:14:     layout_stronghold, serial_rivers, chequers_serial_rivers_small_b,
          chequers_serial_rivers_small_3, chequers_serial_rivers_small_a,
          chequers_serial_rivers_micro_b, chequers_serial_rivers_micro_d,
          hangedman_abyss_or_decor_clamps, serial_shops, shop
D:15:     gammafunk_depths_entry_grave, layout_rooms, tso_metal_star,
          nicolae_hepliaklqana_monster_ancestors
Lair:1:   kb_forest_paths, layout_gridlike, hangedman_tree_tricks, uniq_sonja,
          uniq_amaemon
Lair:2:   nzn_winding_woodlands_three_and_one
          [nzn_winding_woodlands_5x15_pathside_ponds,
          nzn_winding_woodlands_5x15_pool, nzn_winding_woodlands_5x15_jagged,
          nzn_winding_woodlands_center_garden], layout_regular_city,
          gammafunk_ghost_berserking_beasts, infiniplex_staircase_pool
Lair:3:   layout_cave_pods, shoals_dummy_entry,
          minmay_snake_entry_six_corridors, uniq_gastronok, uniq_nessos
Lair:4:   layout_regular_city, slime_entry_2, grunt_megastairs_5, uniq_kirke
Lair:5:   hellmonk_lair_end_abyssal_woods, layout_hall_layers,
          lemuel_old_faithful, serial_bayou_shore_a
Shoals:1: layout_shoals, uniq_aizul, uniq_roxanne
Shoals:2: layout_shoals, portal_ice_cave_entry_dragon
Snake:1:  layout_onion, uniq_donald
Snake:2:  layout_misc_corridors, serial_shops, nicolae_shop_mannequins
Snake:3:  layout_rooms, serial_shops, bzr_entry_gold, drop_trap
Snake:4:  grunt_snake_rune_serpentine_throne, layout_basic, basic_altar,
          minmay_shop_mass
Slime:1:  layout_caves, cheibrodos_slime_lost_civilization_7
Slime:2:  layout_caves, nicolae_slime_getting_an_eyeful
Slime:3:  layout_caves
Slime:4:  layout_caves, uniq_dissolution
Slime:5:  slime_pit_nicolae_inversion
Orc:1:    layout_caves, serial_shops, shop, basic_altar, guppyfry_orc_lava_fort
Orc:2:    st_orc_rangers, layout_caves, nicolae_orc_lava_room
IceCv:    ice_cave_hellmonk_azure_passage

Skill      XL: |  1  2  3  4  5  6  7  8  9 10 11 12 13 14 15 16 17 18 19 |
---------------+----------------------------------------------------------+-----
Throwing       | 2 3 4 |  4.0
Dodging        | 3 4 5 6 7 8 |  8.6
Long Blades    | 3 4 |  4.2
Fighting       | 3 4 5 6 8 9 10 12 13 15 16 18 19 21 | 21.4
Staves         | 2 4 6 7 9 10 11 13 14 | 14.1
Invocations    | 1 5 8 11 14 16 18 20 22 24 25 | 25.1
Armour         | 4 6 7 8 |  8.0

Action                     |  1- 3 |  4- 6 |  7- 9 | 10-12 | 13-15 | 16-18 | 19-21 || total
---------------------------+-------+-------+-------+-------+-------+-------+-------++-------
  Melee: Long sword        |   124 |   172 |       |       |       |       |       ||   296
         Punch             |     2 |     1 |       |       |       |       |       ||     3
         Unarmed           |       |    27 |       |       |       |     9 |       ||    36
         Tailslap          |       |     9 |    65 |   117 |   224 |   335 |    23 ||   773
         Quarterstaff      |       |     6 |   381 |   640 |  1034 |  1393 |    87 ||  3541
 Invoke: Upheaval          |       |       |       |       |    18 |    21 |       ||    39
         Disaster Area     |       |       |       |       |     1 |     4 |       ||     5
         Elemental Force   |       |       |       |       |       |     3 |       ||     3
  Evoke: Wand              |       |     1 |       |     1 |    15 |     6 |     1 ||    24
    Use: Potion            |     1 |       |       |     1 |     3 |     8 |       ||    13
         Scroll            |       |       |     2 |    11 |    10 |    12 |       ||    35
   Stab: Distracted        |       |       |     1 |     4 |       |     2 |       ||     7
 Armour: Leather armour    |    43 |       |       |       |       |       |       ||    43
         Scale mail        |    47 |   170 |   299 |   110 |   565 |   858 |    82 ||  2131
         Skin              |       |    13 |       |       |       |    14 |       ||    27
         Acid dragon scale |       |       |    27 |   301 |       |       |       ||   328
  Dodge: Dodged            |    81 |   152 |   323 |   395 |   530 |   630 |    47 ||  2158
         Repelled          |       |       |       |       |     9 |    58 |       ||    67
  Block: Other             |       |       |       |    57 |   269 |   288 |    25 ||   639

Table legend: (Time is in decaauts)
 A = Elapsed time spent in this place.
 B = Non-inter-level travel time spent in this place.
 C = Inter-level travel time spent in this place.
 D = Time resting spent in this place.
 E = Time spent auto-exploring this place.
 F = Levels seen in this place.
 G = Mean time per level.
                   A        B        C        D        E       F      G
               +--------+--------+--------+--------+--------+-----+--------+
         Total |  38496 |  36585 |   1911 |   8383 |  21503 |  37 | 1040.4 |
       Dungeon |  15886 |  14882 |   1004 |   1997 |  10399 |  15 | 1059.1 |
          Lair |   8719 |   8192 |    527 |   1595 |   5252 |   5 | 1743.8 |
        Shoals |   1793 |   1755 |     38 |    167 |   1238 |   2 |  896.5 |
     Snake Pit |   4014 |   3914 |    100 |   1230 |   1964 |   4 | 1003.5 |
    Slime Pits |   5348 |   5200 |    148 |   2741 |   1493 |   5 | 1069.6 |
  Orcish Mines |   1126 |   1035 |     91 |    209 |    518 |   2 |  563.0 |
        Bazaar |    396 |    396 |      0 |    300 |     65 |   1 |  396.0 |
         Sewer |    494 |    494 |      0 |    115 |    166 |   1 |  494.0 |
       Ossuary |    271 |    271 |      0 |      0 |    184 |   1 |  271.0 |
      Ice Cave |    445 |    445 |      0 |     29 |    224 |   1 |  445.0 |
               +--------+--------+--------+--------+--------+-----+--------+

Top non-repeatable levels by time:
  Lair:4: 2076 daAuts
  Lair:1: 1832 daAuts
  Lair:3: 1689 daAuts
  Lair:5: 1599 daAuts
  Lair:2: 1521 daAuts
 Slime:2: 1473 daAuts
 Snake:4: 1470 daAuts
     D:6: 1398 daAuts
Shoals:1: 1327 daAuts
     D:2: 1322 daAuts
    D:11: 1206 daAuts
     D:7: 1169 daAuts
    D:10: 1159 daAuts
     D:5: 1151 daAuts
 Slime:5: 1132 daAuts
